 Dungeon Sprint DCSS version 0.17-a0-1570-g74b7129 (webtiles) character file.

44 tt080 the Gusty (level 3, -1/21 HPs)
             Began as a High Elf Air Elementalist on July 23, 2015.
             Was an Initiate of Sif Muna.
             Slain by an ice beast (6 damage)
             ... in the Dungeon (Sprint IX: "|||||||||||||||||||||||||||||").
             The game lasted 00:02:13 (199 turns).

tt080 the Gusty (High Elf Air Elementalist)          Turns: 199, Time: 00:02:13

Health: -1/21      AC:  4    Str:  7    XL:     3   Next: 41%
Magic:  4/9        EV: 14    Int: 22    God:    Sif Muna [......]
Gold:   0          SH:  0    Dex: 19    Spells: 4 memorised, 2 levels left

rFire  . . .     SeeInvis .     n - staff of energy
rCold  . . .     Clarity  .     a - +0 robe
rNeg   . . .     SustAt   .     (no shield)
rPois  .         Gourm    .     p - +0 helmet
rElec  .         Spirit   .     q - +0 cloak
rCorr  .         Warding  .     (no gloves)
rMut   .         NoTele   +     (no boots)
MR     .....                    (no amulet)
Stlth  +++.......               r - +3 ring of dexterity
                                s - +3 ring of intelligence

@: swift (expiring), repel missiles, very quick, not resistant to hostile
enchantments, fairly stealthy
A: no striking features
a: Renounce Religion


You were in the Dungeon.
You worshipped Sif Muna.
Sif Muna was noncommittal.
You were not hungry.

You visited 1 branch

Inventory:

Hand weapons
 o - a +2 scimitar of holy wrath
Armour
 a - a +0 robe (worn)
 p - a +0 helmet (worn)
 q - a +0 cloak (worn)
Magical staves
 n - an uncursed staff of energy (weapon)
Jewellery
 r - a +3 ring of dexterity (right hand)
 s - a +3 ring of intelligence (left hand)
Magical devices
 m - a wand of fire (7)
Scrolls
 i - 2 scrolls of blinking
 k - 3 scrolls of remove curse
 l - 2 scrolls of amnesia
Potions
 d - 5 potions of curing
 e - 3 potions of heal wounds
 f - a potion of haste
 g - 4 potions of magic
 h - a potion of berserk rage
 j - a potion of invisibility
Books
 b - a book of Air

   Spells                             Type                      Level
   a - Shock                          Conjuration/Air              1
   b - Swiftness                      Charms/Air                   2
   c - Repel Missiles                 Charms/Air                   2
   d - Static Discharge               Conjuration/Air              3
   e - Lightning Bolt                 Conjuration/Air              5
Comestibles
 c - a bread ration


   Skills:
 + Level 3.2 Dodging
 - Level 3.3 Stealth
 + Level 4.1 Spellcasting
 + Level 1.7 Conjurations
 + Level 7.0 Air Magic


You had 2 spell levels left.
You knew the following spells:

 Your Spells              Type           Power        Failure   Level  Hunger
a - Shock                 Conj/Air       ###.         1%          1    None
b - Repel Missiles        Chrm/Air       ###...       4%          2    None
c - Static Discharge      Conj/Air       ###.....     8%          3    None
d - Swiftness             Chrm/Air       ###.....     4%          2    None


Dungeon Overview and Level Annotations

Branches:
Dungeon (1/1)

Altars:
Cheibriados
Dithmenos
Elyvilon
Fedhas
Gozag
Kikubaaqudgha
Makhleb
Nemelex Xobeh
Okawaru
Qazlal
Ru
Sif Muna
Trog
Vehumet
Xom
Yredelemnul
Zin
The Shining One
Beogh
Jiyva
Lugonu


Message History

Unknown command.
Casting: Shock
Confirm with . or Enter, or press ? or * to list all spells.
You feel protected from missiles.
You start to feel a little slower.
There is an open door here.
There is a sacrificial altar of Ru here.
Casting: Repel Missiles
Confirm with . or Enter, or press ? or * to list all spells.
Aiming: Shock
Press: ? - help, Shift-Dir - straight line, f/p - ice beast
Aim: an ice beast (lightly wounded)
The zap hits the ice beast.
The ice beast is heavily wounded.
The zap hits the hill giant.
The hill giant is lightly wounded.
The ice beast hits you.
* * * LOW HITPOINT WARNING * * *
The ice beast freezes you.
You die... ▓▓▓▓▓▓▓▓▓▓▓▓▓▓▓▓▓▓▓▓▓▓▓▓▓▓▓▓▓▓▓▓▓ Hs...'..[..).C.Y@________________ ▓▓▓▓▓▓▓▓▓▓▓▓▓▓▓▓▓▓▓▓▓▓▓▓▓▓▓▓▓▓▓▓▓

You could see a hill giant and an ice beast.

Vanquished Creatures
  A hound (D)
  An adder (D)
  A quokka (D)
  3 bats (D)
  A giant gecko (D)
  A giant newt (D)
  A goblin (D)
  A rat (D)
10 creatures vanquished.

Notes
Turn   | Place    | Note
--------------------------------------------------------------
     0 | D        | tt080 the High Elf Air Elementalist began the quest for the Orb.
     0 | D        | Reached XP level 1. HP: 11/11 MP: 4/4
     5 | D        | Reached skill level 4 in Air Magic
    61 | D        | Noticed a hound
    68 | D        | Killed a hound
    68 | D        | Reached skill level 6 in Air Magic
    68 | D        | Reached XP level 2. HP: 17/17 MP: 1/7
    68 | D        | Reached XP level 3. HP: 21/21 MP: 1/9
    80 | D        | Reached skill level 7 in Air Magic
    90 | D        | Found a glowing silver altar of Zin.
    90 | D        | Found a glowing golden altar of the Shining One.
    90 | D        | Found an ancient bone altar of Kikubaaqudgha.
    90 | D        | Found a basalt altar of Yredelemnul.
    90 | D        | Found a shimmering altar of Xom.
    90 | D        | Found a radiant altar of Vehumet.
    91 | D        | Found an iron altar of Okawaru.
    92 | D        | Found a burning altar of Makhleb.
    93 | D        | Found a deep blue altar of Sif Muna.
    94 | D        | Found a bloodstained altar of Trog.
    95 | D        | Found a sparkling altar of Nemelex Xobeh.
    96 | D        | Found a white marble altar of Elyvilon.
    97 | D        | Found a roughly hewn altar of Beogh.
    98 | D        | Found a viscous altar of Jiyva.
    99 | D        | Found a corrupted altar of Lugonu.
   100 | D        | Found a blossoming altar of Fedhas.
   103 | D        | Became a worshipper of Sif Muna the Loreminder
   104 | D        | Found a snail-covered altar of Cheibriados.
   105 | D        | Found a shadowy altar of Dithmenos.
   106 | D        | Found a stormy altar of Qazlal.
   107 | D        | Found an opulent altar of Gozag.
   108 | D        | Found a sacrificial altar of Ru.
   152 | D        | Learned a level 2 spell: Repel Missiles
   156 | D        | Learned a level 3 spell: Static Discharge
   159 | D        | Learned a level 2 spell: Swiftness
   185 | D        | Noticed a hippogriff
   185 | D        | Noticed a scorpion
   185 | D        | Noticed a hill giant
   185 | D        | Noticed an ice beast
   199 | D        | Slain by an ice beast

Vault maps used:
D:        linesprint

Action                   || total
-------------------------++-------
Melee: Unarmed           ||    10
 Cast: Shock             ||    11
       Repel Missiles    ||     1
       Swiftness         ||     1
